 Dungeon Crawl Stone Soup version 0.19.1 (webtiles) character file.

66 spooks32 the Shooter (level 3, 0/27 HPs)
             Began as a Spriggan Arcane Marksman on Dec 21, 2016.
             Slain by an iguana (6 damage)
             ... on level 4 of the Dungeon.
             The game lasted 00:10:30 (2224 turns).

spooks32 the Shooter (Spriggan Arcane Marksman)     Turns: 2224, Time: 00:10:31

Health: 0/27       AC: 21    Str:  8    XL:     3   Next: 96%
Magic:  6/6        EV:  4    Int: 17    God:
Gold:   122        SH:  0    Dex: 15    Spells: 2 memorised, 1 level left

rFire  + . .     SeeInvis +     a - +0 shortbow
rCold  + + .     Gourm    .     (armour currently unavailable)
rNeg   + + +     Faith    .     (shield currently unavailable)
rPois  +         Spirit   .     (helmet currently unavailable)
rElec  +         Reflect  .     (cloak currently unavailable)
rCorr  +         Harm     .     (gloves unavailable)
MR     .....     NoTele   +     (boots unavailable)
Stlth  +.........               (no amulet)
                                k - ring of protection from cold
                                j - +3 ring of intelligence (curse)

@: confused, tree-form, resistant
A: unfitting armour, see invisible, herbivore 3, (speed 0), slow metabolism 2
a: no special abilities


You were on level 4 of the Dungeon.
You were not hungry.
You were a tree.
You visited 1 branch of the dungeon, and saw 4 of its levels.

You collected 122 gold pieces.

Inventory:

Hand Weapons
 a - a +0 shortbow (weapon)
 h - a +0 short sword
 l - a cursed -3 mace
Missiles
 d - 40 arrows (quivered)
Armour
 e - a +0 robe (melded)
Jewellery
 j - a cursed +3 ring of intelligence (left branch)
 k - a ring of protection from cold (right branch)
Scrolls
 r - a scroll of remove curse
 t - a scroll of teleportation {unknown}
Potions
 i - 3 potions of lignification
 m - a potion of ambrosia
 n - a potion of agility {unknown}
 p - 2 potions of flight {unknown}
 q - 2 potions of might {unknown}
Books
 c - a book of Debilitation

   Spells                             Type                      Level
   a - Corona                         Hexes                        1
   b - Slow                           Hexes                        2
   c - Gell's Gravitas                Hexes/Translocation          3
   d - Inner Flame                    Hexes/Fire                   3
   e - Cause Fear                     Hexes                        4
   f - Leda's Liquefaction            Hexes/Earth                  4
 o - a book of Maledictions

   Spells                             Type                      Level
   a - Corona                         Hexes                        1
   b - Ensorcelled Hibernation        Hexes/Ice                    2
   c - Confuse                        Hexes                        3
   d - Tukima's Dance                 Hexes                        3
   e - Dazzling Spray                 Conjuration/Hexes            3
Comestibles
 f - 3 bread rations


   Skills:
 * Level 1.5 Fighting
 - Level 0.2 Short Blades
 * Level 4.5 Bows
 - Level 3.3 Dodging
 + Level 1.3 Spellcasting
 - Level 3.6 Hexes


You had one spell level left.
You knew the following spells:

 Your Spells              Type           Power        Failure   Level  Hunger
a - Corona                Hex            ##.....      6%          1    ##.....
b - Slow                  Hex            ##......     10%         2    ###....


Dungeon Overview and Level Annotations

Branches:
Dungeon (4/15)
 Temple: D:4-7

Altars:


Innate Abilities, Weirdness & Mutations

You are very small and have problems with some larger weapons.
You are too small for most types of armour.
You have supernaturally acute eyesight. (SInv)
You are a herbivore.
((You cover ground extremely quickly.))
You need consume almost no food.


Message History

Aim: an iguana (lightly wounded)
You shoot an arrow. The arrow hits the iguana.
The iguana is lightly wounded.
The iguana bites you but does no damage.
Firing (i - inventory):
d - 41 arrows (quivered)
Press: ? - help, Shift-Dir - straight line, f/p - iguana
Aim: an iguana (lightly wounded)
You shoot an arrow. The arrow hits the iguana.
The iguana is moderately wounded.
The iguana bites you.
* * * LOW HITPOINT WARNING * * *
It was a potion of resistance.
You feel protected.
The iguana bites you but does no damage.
It was a potion of magic.
Magic courses through your body.
The iguana bites you but does no damage.
It was a potion of ambrosia.
You are confused.
You feel invigorated. The iguana bites you.
You die...

.#### ....###
.#.#.. ....## #
....######
#..###.........
#.........##..
#.....♣.......
#.....l.......
#.........##..
.....)..(..#
...........#
.#.........#
#.........#
######(####


You could see an iguana.

Vanquished Creatures
  An adder (D:3)
  4 worms (D:3)
  2 dart slugs
  3 giant cockroaches
  4 goblins
  6 hobgoblins
  3 jackals (D:3)
  A quokka (D:2)
  5 bats
  4 frilled lizards
  5 kobolds
  6 rats
44 creatures vanquished.

Notes
Turn   | Place    | Note
-------+----------+-------------------------------------------
     0 | D:1      | spooks32 the Spriggan Arcane Marksman began the quest for the Orb.
     0 | D:1      | Reached XP level 1. HP: 9/9 MP: 3/3
   363 | D:1      | Reached skill level 1 in Fighting
   414 | D:1      | Reached XP level 2. HP: 14/14 MP: 5/5
   417 | D:1      | Reached skill level 3 in Bows
   835 | D:1      | Learned a level 2 spell: Slow
  1465 | D:3      | Reached XP level 3. HP: 18/18 MP: 6/6
  1474 | D:3      | Reached skill level 4 in Bows
  2221 | D:4      | HP: 1/27 [iguana (6)]
  2224 | D:4      | Slain by an iguana

Skill      XL: |  1  2  3 |
---------------+----------+-----
Fighting       | 1 |  1.5
Bows           | 3 4 |  4.5
Short Blades   | |  0.2
Dodging        | |  3.3
Spellcasting   | |  1.3
Hexes          | |  3.6

Action                   || total
-------------------------++-------
Melee: Short sword       ||   107
 Fire: Shortbow          ||    62
 Cast: Corona            ||    22
  Use: Scroll            ||     4
       Potion            ||     4
 Stab: Sleeping          ||     1
Armor: Robe              ||     7
       Skin              ||     3
Dodge: Dodged            ||   106
